 Dungeon Crawl Stone Soup version 0.21-a0-178-g0b87683 (webtiles) character file.

96 tilp the Firebug (level 4, -8/33 HPs)
             Began as a Hill Orc Fire Elementalist on Aug 9, 2017.
             Killed by divine providence
             ... invoked by an orc priest
              (12 damage)
             ... on level 3 of the Dungeon.
             The game lasted 00:06:31 (2628 turns).

tilp the Firebug (Hill Orc Fire Elementalist)       Turns: 2628, Time: 00:06:31

Health: -8/33      AC:  3    Str: 10    XL:     4   Next: 67%
Magic:  1/7        EV: 12    Int: 16    God:
Gold:   91         SH:  0    Dex: 11    Spells: 1/7 levels left

rFire    . . .     SeeInvis .   o - +0 short sword
rCold    . . .     Gourm    .   (no shield)
rNeg     . . .     Faith    .   a - +0 robe
rPois    .         Spirit   .   d - +0 helmet
rElec    .         Reflect  .   (no cloak)
rCorr    .         Harm     .   (no gloves)
MR       .....                  (no boots)
Stlth    ++........             (no amulet)
HPRegen  0.11/turn              (no ring)
MPRegen  0.10/turn              (no ring)

@: very slightly contaminated
A: no striking features
a: Convert to Beogh


You were on level 3 of the Dungeon.
You were hungry.

You visited 1 branch of the dungeon, and saw 3 of its levels.

You collected 91 gold pieces.

Inventory:

Hand Weapons
 j - a +0 spear
 o - a +0 short sword (weapon)
Missiles
 f - 5 javelins
 k - 6 javelins of returning (quivered)
Armour
 a - a +0 robe (worn)
 d - a +0 helmet (worn)
Scrolls
 h - 3 scrolls of teleportation {unknown}
 l - a scroll of enchant weapon {unknown}
 m - a scroll of blinking {unknown}
 n - 4 scrolls of identify {unknown}
 p - a scroll of recharging {unknown}
 s - a scroll of random uselessness {unknown}
 u - a scroll of immolation {unknown}
 w - 2 scrolls of amnesia {unknown}
 x - a scroll of magic mapping {unknown}
Potions
 e - a potion of haste {unknown}
 g - 2 potions of lignification {unknown}
 i - a potion of might {unknown}
 q - 2 potions of flight {unknown}
 r - a potion of heal wounds {unknown}
 t - a potion of curing {unknown}
 v - a potion of resistance {unknown}
Books
 b - a book of Flames

   Spells                             Type                      Level
   a - Flame Tongue                   Conjuration/Fire             1
   b - Throw Flame                    Conjuration/Fire             2
   c - Conjure Flame                  Conjuration/Fire             3
   d - Inner Flame                    Hexes/Fire                   3
   e - Sticky Flame                   Conjuration/Fire             4
   f - Fireball                       Conjuration/Fire             5
Comestibles
 c - a bread ration


   Skills:
 - Level 1.5 Dodging
 - Level 1.5 Stealth
 - Level 2.0 Spellcasting
 + Level 3.2 Conjurations
 * Level 4.1 Fire Magic


You had one spell level left.
You knew the following spells:

 Your Spells              Type           Power        Failure   Level  Hunger
a - Flame Tongue          Conj/Fire      ##...        4%          1    #......
b - Throw Flame           Conj/Fire      ##....       7%          2    ###....
c - Conjure Flame         Conj/Fire      ##......     14%         3    ###....


Dungeon Overview and Level Annotations

Branches:
Dungeon (3/15)

Altars:
Fedhas
Ru


Message History

Beogh smites you!
You barely miss the orc priest.
The orc priest is severely wounded.
The orc priest hits you with a mace.
* * * LOW HITPOINT WARNING * * *
Unknown command.
The orc priest shouts, "Beogh is our master!
Accept the truth or die!"
You hit the orc priest but do no damage.
The orc priest is severely wounded.
The orc priest hits you with a mace.
* * * LOW HITPOINT WARNING * * *
You hit the orc priest but do no damage.
The orc priest is severely wounded.
The orc priest looks encouraged for a moment.
You hit the orc priest but do no damage.
The orc priest is severely wounded.
The orc priest barely misses you.
The orc priest invokes the aid of Beogh against you.
Beogh smites you!
You die...

#.# #.##.# #r.
##.###.##.# # ##.##
####.>.##.##.# # ##...#
#.........##.###
..o.....##...##.......
...# ##.###....... #.#
#.###.......
###.########...........
#..)or@..≈....##.......
#≈.≈o≈....≈≈≈≈#........
#.≈≈≈≈≈≈≈≈≈≈.≈.........
#.≈≈≈≈≈≈≈≈≈≈≈≈#...##.#.
#.≈≈≈≈≈≈≈≈≈≈.≈##.###.#.
#≈(≈≈≈≈♣≈≈≈≈..# .#
#..≈≈≈♣_♣)≈≈≈≈# #
#..≈≈≈.≈.≈≈≈≈.# ≈≈≈
≈≈≈≈≈≈..#


You could see an orc priest, an orc and a quokka.

Vanquished Creatures
  4 adders
  2 oozes (D:2)
  2 worms (D:2)
  3 dart slugs (D:1)
  2 leopard geckos
  An orc (D:3)
  A ball python (D:1)
  2 bats (D:1)
  2 goblins (D:1)
  5 hobgoblins
  3 quokkas
  A frilled lizard (D:1)
  4 kobolds
  7 rats
39 creatures vanquished.

Notes
Turn   | Place    | Note
-------+----------+-------------------------------------------
     0 | D:1      | tilp the Hill Orc Fire Elementalist began the quest for the Orb.
     0 | D:1      | Reached XP level 1. HP: 14/14 MP: 3/3
   278 | D:1      | Reached XP level 2. HP: 16/20 MP: 5/5
   677 | D:2      | Reached XP level 3. HP: 17/26 MP: 0/6
   684 | D:2      | Learned a level 2 spell: Throw Flame
   688 | D:2      | Learned a level 3 spell: Conjure Flame
  1560 | D:2      | Reached XP level 4. HP: 33/33 MP: 5/7
  1786 | D:2      | Found a sacrificial altar of Ru.
  2407 | D:3      | Found a blossoming altar of Fedhas.
  2445 | D:3      | Reached skill level 4 in Fire Magic
  2597 | D:3      | Found a faded altar of an unknown god.
  2628 | D:3      | Killed from afar by an orc priest

Vault maps used:
D:1:      minmay_arrival_diagonal_passages
D:2:      lemuel_round_altar, serial_bayou_lake_a
D:3:      lemuel_crystal_altar, chequers_ecumenical_altar_island, fedhas_altar_4

Skill      XL: |  1  2  3  4 |
---------------+-------------+-----
Spellcasting   | 2 |  2.0
Conjurations   | 2 3 |  3.2
Fire Magic     | 4 |  4.1
Dodging        | |  1.5
Stealth        | |  1.5

Action                   |  1- 3 |  4- 6 || total
-------------------------+-------+-------++-------
Melee: Unarmed           |     6 |       ||     6
       Short sword       |    39 |    35 ||    74
       Spear             |     4 |       ||     4
Throw: Javelin           |    26 |    19 ||    45
 Cast: Flame Tongue      |    27 |    19 ||    46
       Conjure Flame     |     1 |     2 ||     3
       Throw Flame       |       |     2 ||     2
 Stab: Sleeping          |     2 |       ||     2
  Eat: Chunk             |     3 |     3 ||     6
Armor: Robe              |    18 |     7 ||    25
Dodge: Dodged            |    28 |    32 ||    60
